 Dungeon Crawl Stone Soup version 0.30-a0-719-gcc4359ea44 (webtiles) character file.

Game seed: 7506511285504325384

2978 Flugkiller the Ducker (level 9, -4/57 (63) HPs)
             Began as an Octopode Delver on Jan 26, 2023.
             Was an Elder of Cheibriados.
             Slain by a wight
             ... wielding a +5 halberd
              (6 damage)
             ... on level 8 of the Dungeon.
             The game lasted 00:09:19 (7283 turns).

Flugkiller the Ducker (Octopode Delver)             Turns: 7283, Time: 00:09:20

HP:   -4/57 (63)    AC:  1    Str: 21    XL:     9   Next: 82%
MP:   13/13         EV: 23    Int: 27    God:    Cheibriados [****..]
Gold: 138           SH:  6    Dex: 26    Spells: 9/14 levels left

rFire   . . .      SeeInvis .    l - +1 morningstar (protect)
rCold   . . .      Faith    .    C - +0 buckler
rNeg    . . .      Spirit   .    (helmet restricted)
rPois   +          Reflect  .    (no amulet)
rElec   .          Harm     .    i - ring of wizardry
rCorr   .          Rampage  .    o - ring of poison resistance
Will    .....                    x - +6 ring of intelligence
Stlth   +++++                    v - +5 ring of evasion
HPRegen 0.29/turn                (no ring)
MPRegen 0.13/turn                (no ring)
                                 (no ring)
                                 (no ring)

@: drained, very slow
A: almost no armour, amphibious, 8 rings, camouflage 1, gelatinous body 1,
(nimble swimmer 1), tentacles
a: Renounce Religion, Bend Time, Temporal Distortion, Slouch


You were on level 8 of the Dungeon.
You worshipped Cheibriados.
Cheibriados was greatly pleased with you.
You visited 1 branch of the dungeon, and saw 8 of its levels.
You also visited: Sewer.

You collected 556 gold pieces.
You spent 418 gold pieces at shops.

Inventory:

Hand Weapons
 a - a +0 short sword
 l - a +1 morningstar of protection (weapon)
   (You found it in a sewer)
 B - a +4 great sword of freezing
   (You took it off a wight on level 6 of the Dungeon)
Armour
 C - a +0 buckler (worn)
   (You found it on level 3 of the Dungeon)
Jewellery
 d - a +6 ring of intelligence
   (You found it on level 8 of the Dungeon)
 i - a ring of wizardry (left tentacle)
   (You found it on level 4 of the Dungeon)
 o - a ring of poison resistance (right tentacle)
   (You found it on level 2 of the Dungeon)
 v - a +5 ring of evasion (on tentacle)
   (You found it on level 7 of the Dungeon)
 x - a +6 ring of intelligence (on tentacle)
   (You found it on level 2 of the Dungeon)
Wands
 f - a wand of digging (3)
 y - a wand of polymorph (10)
   (You found it on level 7 of the Dungeon)
 F - a wand of flame (12)
   (You bought it in a shop on level 7 of the Dungeon)
Scrolls
 b - 2 scrolls of fog
 c - 2 scrolls of magic mapping
 j - 12 scrolls of amnesia
 k - a scroll of silence
 m - 2 scrolls of vulnerability
 r - 2 scrolls of identify
 t - 3 scrolls of teleportation
 z - a scroll of blinking
 D - a scroll of torment
 E - a scroll of enchant armour {unknown}
 G - 2 scrolls of poison
Potions
 e - 3 potions of lignification
 g - a potion of experience {unknown}
 h - 4 potions of haste
 n - 3 potions of ambrosia {unknown}
 p - 4 potions of might {unknown}
 q - 3 potions of curing
 s - 4 potions of flight {unknown}
 u - a potion of degeneration {unknown}
 w - a potion of heal wounds
 A - 2 potions of mutation {unknown}


   Skills:
 + Level 6.7 Fighting
 - Level 2.0 Short Blades
 - Level 5.3 Maces & Flails
 + Level 6.7 Dodging
 - Level 6.6 Stealth
 - Level 4.0 Shields
 - Level 3.0 Spellcasting
 + Level 4.1 Conjurations
 + Level 4.0 Transmutations


You had 9 spell levels left.
You knew the following spells:

 Your Spells              Type           Power      Damage    Failure   Level
i - Irradiate             Conj/Tmut      13%        3d16      22%         5

Your spell library contained the following spells:

 Spells                   Type           Power      Damage    Failure   Level
 Necrotise                Necr           16%        1d4       4%          1
 Spider Form              Tmut/Pois      15%        N/A       6%          3
 Cigotuvi's Dreadful Rot  Necr/Pois/Air  8%         N/A       7%          2
 Ensorcelled Hibernation  Hex/Ice        8%         N/A       7%          2
 Poisonous Vapours        Pois/Air       8%         N/A       7%          2
 Sublimation of Blood     Necr           4%         N/A       7%          2
 Mephitic Cloud           Conj/Pois/Air  11%        N/A       8%          3
 Vampiric Draining        Necr           4%         2d6       13%         3
 Petrify                  Tmut/Erth      15%        N/A       19%         4
 Anguish                  Hex/Necr       2%         N/A       38%         4
 Dispel Undead            Necr           4%         3d7       38%         4
 Agony                    Necr           4%         N/A       73%         5
 Death Channel            Necr           2%         N/A       99%         6


Dungeon Overview and Level Annotations

Branches:
Dungeon (8/15) Zot: 39697  Temple (0/1) D:6           Sewer (visited)
   Lair: D:8-11

Altars:
Cheibriados
Ru
Sif Muna
Wu Jian
Xom

Shops:
D:7 *?(

Annotations:
D:3 1 runed translucent door, Crazy Yiuf
D:6 1 runed translucent door, bmj180's ghost, amateur GrEE
D:8 1 runed translucent door, Dominolapin's ghost, novice OpHW


Innate Abilities, Weirdness & Mutations

You cannot wear most types of armour.
You are amphibious.
You can wear up to eight rings at the same time.
Your skin changes colour to match your surroundings (Stealth+).
Your rubbery body absorbs attacks. (AC +1, EV +1)
((You are camouflaged when in or above water. (Stealth+)))
You have tentacles for arms and can constrict up to eight enemies at once.


Message History

You tentacle-slap the kobold. Your squeeze misses the kobold.
The kobold is moderately wounded.
You block the kobold's attack.
You puncture the kobold!
You kill the kobold!
Cheibriados appreciates the change of pace.
The kobold throws a stone.
The stone barely misses you.
You hit the kobold. You grab the kobold.
You squeeze the kobold, but do no damage.
The kobold is severely wounded.
You constrict the kobold.
You kill the kobold!
Cheibriados thoroughly appreciates the change of pace.
The kobold completely misses you.
You thump the kobold!
You kill the kobold!
Cheibriados thoroughly appreciates the change of pace.
You hit the kobold.
You kill the kobold!
Cheibriados thoroughly appreciates the change of pace.
You miss the kobold. Your grab misses the kobold.
You block the kobold's attack. The kobold barely misses you.
You barely miss the kobold. Your grab misses the kobold.
You block the kobold's attack.
You closely miss the kobold. Your grab misses the kobold.
Your squeeze misses the kobold. You block the kobold's attack.
You hit the kobold.
Your weapon exudes an aura of protection.
You kill the kobold!
Cheibriados appreciates the change of pace.
The kobold throws a stone.
The stone hits you but does no damage.
You closely miss the kobold. You grab the kobold. You constrict the kobold.
You block the kobold's attack. x2
You hit the kobold.
You kill the kobold!
Cheibriados appreciates the change of pace.
You barely miss the kobold. Your grab misses the kobold.
You block the kobold's attack.
You barely miss the kobold. Your grab misses the kobold.
You squeeze the kobold.
The kobold is moderately wounded.
The kobold closely misses you. The kobold barely misses you.
You hit the kobold.
You kill the kobold!
Cheibriados thoroughly appreciates the change of pace.
Items here: (( )))))))) ††.
You start resting.
HP restored.
v - a +5 ring of evasion (on tentacle)
Found a dagger.
r - 2 scrolls of identify (gained 1)
d - a +6 ring of intelligence A wight comes into view.
It is wielding a +0 trident.
A wight is nearby!
No target in view!
No target in view!
A wight comes into view. It is wielding a +5 halberd.
A wight comes into view. It is wielding a +1 dagger.
The wight moves out of view.
A wight comes into view. It is wielding a +3 long sword.
The wight moves out of view.
The wight barely misses you.
You sock the wight!
Your weapon exudes an aura of protection.
You grab the wight.
The wight is almost destroyed.
You constrict the wight.
You destroy the wight!
Cheibriados thoroughly appreciates the change of pace.
You puncture the wight! Your grab misses the wight. You squeeze the wight.
You destroy the wight!
Cheibriados thoroughly appreciates the change of pace.
You block the wight's attack.
Your Conjurations skill increases to level 4!
Your Transmutations skill increases to level 4!
You block the wight's attack. The wight hits you with a +0 trident.
You feel drained.
The wight hits you from afar with a +5 halberd!
The wight misses you.
Items here: )) [[.
You barely miss the wight. Your grab misses the wight. The wight misses you.
The wight hits you with a +0 trident.
You feel drained.
You closely miss the wight. Your grab misses the wight.
You tentacle-slap the wight, but do no damage.
You squeeze the wight!
The wight is severely damaged.
The wight misses you. The wight hits you with a +0 trident!
You feel drained.
You thump the wight!
Your weapon exudes an aura of protection.
You destroy the wight!
Cheibriados appreciates the change of pace.
You block the wight's attack. x2
The wight hits you from afar with a +5 halberd.
Okay, then.
You fail to use your ability.
The wight completely misses you.
You fail to use your ability.
The wight hits you from afar with a +5 halberd!!
* * * LOW HITPOINT WARNING * * *
You feel drained.
You die...

#...................#####.##.#
#.#....######.#....## #.....
#.#.##.# #......# #..#.#
#.#.##.# #......# ####..#.#
####.#.##.# #.#...............
.......##.# #.##..#######.####
######.##.# #.##..# #
#.##.######.##).#
#.##.......@.z..#
#.#########.##..### #.# #.#
#.##....# #.# #†# #.##..#.#
#.# #.# #.##..#.###.#### #.#
#######.##..#......... #.#
#...........##.#..###### #.#
#.#####.##.###)##....... #.#
#.# #.##.# #.......##


You could see a wight.

Vanquished Creatures
  Sigmund (D:6)
  Menkaure (D:5)
  2 sky beasts (D:7)
  An orc warrior (D:8)
  2 black bears
  2 ogres
  A kobold brigand (D:8)
  2 necrophages
  4 bullfrogs
  2 scorpions
  7 wights
  6 killer bees
  4 howler monkeys
  A jelly (D:6)
  2 orc priests (D:6)
  5 hounds
  Natasha (thrice) (D:3)
  4 iguanas
  An orc wizard (D:6)
  4 gnolls (D:7)
  10 adders
  A shadow imp (D:5)
  An ufetubus (D:4)
  2 worms
  2 dart slugs
  9 orcs
  16 ball pythons
  12 endoplasms
  13 giant cockroaches
  10 hobgoblins
  10 jackals
  8 quokkas
  8 bats
  9 frilled lizards
  13 goblins
  11 kobolds
  4 rats
194 creatures vanquished.

Vanquished Creatures (others)
  Robin (D:3)
1 creature vanquished.

Grand Total: 195 creatures vanquished

Notes
Turn   | Place    | Note
-------+----------+-------------------------------------------
     0 | D:5      | Flugkiller the Octopode Delver began the quest for the Orb.
     0 | D:5      | Reached XP level 1. HP: 16/16 MP: 1/1
    28 | D:5      | Reached XP level 2. HP: 21/21 MP: 2/2
   173 | D:4      | Reached XP level 3. HP: 23/26 MP: 3/3
   231 | D:4      | Reached XP level 4. HP: 13/31 MP: 4/4
   260 | D:4      | Found a shimmering altar of Xom.
   260 | D:4      | Noticed an ogre
   302 | D:4      | Found a glowing drain.
   306 | Sewer    | Entered a sewer
   386 | Sewer    | Reached skill level 5 in Dodging
   406 | Sewer    | Reached XP level 5. HP: 34/36 MP: 5/5
   703 | Sewer    | Reached skill level 5 in Fighting
   703 | Sewer    | Reached XP level 6. HP: 14/45 MP: 6/6
   973 | D:4      | Reached skill level 1 in Maces & Flails
  1243 | D:3      | Noticed Robin
  1264 | D:3      | Killed Robin
  1566 | D:3      | Reached XP level 7. HP: 49/50 MP: 7/7
  1654 | D:3      | Noticed Natasha
  1660 | D:3      | Killed Natasha
  1730 | D:3      | Noticed Natasha
  1735 | D:3      | Killed Natasha
  1755 | D:3      | Found a snail-covered altar of Cheibriados.
  1770 | D:3      | Became a worshipper of Cheibriados the Contemplative
  1813 | D:3      | Noticed Natasha
  1822 | D:3      | Killed Natasha
  1863 | D:3      | Found a runed translucent door.
  1864 | D:3      | Noticed Crazy Yiuf
  2170 | D:2      | Reached * piety under Cheibriados
  2657 | D:1      | Reached ** piety under Cheibriados
  3322 | D:1      | Learned a level 5 spell: Irradiate
  3683 | D:5      | Reached skill level 1 in Shields
  3712 | D:5      | Noticed Menkaure
  3714 | D:5      | Killed Menkaure
  3778 | D:5      | Reached skill level 1 in Spellcasting
  3778 | D:5      | Reached skill level 1 in Conjurations
  3778 | D:5      | Reached skill level 1 in Transmutations
  3778 | D:5      | Reached XP level 8. HP: 42/55 MP: 9/9
  4211 | D:5      | Found an ornate altar of the Wu Jian Council.
  4412 | D:6      | Noticed Sigmund
  4421 | D:6      | Killed Sigmund
  4422 | D:6      | Reached skill level 5 in Maces & Flails
  4459 | D:6      | Found a shimmering blue altar of Sif Muna.
  4725 | D:6      | Reached *** piety under Cheibriados
  4764 | D:6      | Reached XP level 9. HP: 50/62 MP: 12/12
  4954 | D:6      | Found a staircase to the Ecumenical Temple.
  5161 | D:6      | Found a runed translucent door.
  5161 | D:6      | Noticed bmj180's ghost (amateur GrEE)
  5619 | D:7      | Found Mifad's Assorted Antiques.
  5627 | D:7      | Bought a scroll labelled UGOORR IZUWN for 31 gold pieces
  5627 | D:7      | Bought a scroll labelled WUPTUC HOACVUA for 31 gold pieces
  5627 | D:7      | Bought a crooked bone wand for 124 gold pieces
  5718 | D:7      | Found Qyots's Magic Scroll Shop.
  5721 | D:7      | Bought a scroll of teleportation for 48 gold pieces
  5721 | D:7      | Bought a scroll of blinking for 120 gold pieces
  5721 | D:7      | Bought a scroll of identify for 32 gold pieces
  5721 | D:7      | Bought a scroll of identify for 32 gold pieces
  6011 | D:7      | Found Ziuwurar's Weapon Emporium.
  6354 | D:7      | Found a sacrificial altar of Ru.
  6721 | D:8      | Noticed a +0 trident of chaos
  6722 | D:8      | Found a runed translucent door.
  6722 | D:8      | Found a shimmering altar of Xom.
  6722 | D:8      | Noticed Dominolapin's ghost (novice OpHW)
  6923 | D:8      | Reached **** piety under Cheibriados
  7018 | D:8      | HP: 2/63 [steam dragon/ball of steam (16)]
  7283 | D:8      | HP: 2/60 [wight/+5 halberd (22)]
  7283 | D:8      | Slain by a wight

Illustrated notes

Levels and vault maps discovered:
D:1:      lightli_arrival_isolated_outpost, layout_basic, chequers_mini_garden
D:2:      layout_rooms
D:3:      layout_basic, cheibrodos_worm_habitat, kennysheep_generic_room_10,
          uniq_natasha, uniq_robin, uniq_crazy_yiuf_cottage
D:4:      layout_loops_cross, mainiacjoe_overflow_paths, gup_sewer_entry_bowl,
          hangedman_decor_opposing
D:5:      layout_gridville, mainiacjoe_overflow_tiny_flanked,
          chequers_serial_rivers_room_a, uniq_menkaure
D:6:      layout_basic, nicolae_sif_muna_condensation, temple_fountains,
          gammafunk_ghost_grave, st_stairs_5, uniq_sigmund
D:7:      layout_loops_corners, lemuel_coloured_pillars_altar, serial_shops,
          kennysheep_mini, nicolae_shop_behind_doors, nicolae_shop_crystal
D:8:      layout_basic, ebering_ghost_xom

Skill      XL: |  1  2  3  4  5  6  7  8  9 |
---------------+----------------------------+-----
Dodging        | 3 4 5 6 |  6.7
Fighting       | 5 6 |  6.7
Maces & Flails | 3 4 5 |  5.3
Shields        | 1 3 4 |  4.0
Spellcasting   | 1 2 3 |  3.0
Conjurations   | 1 2 4 |  4.1
Transmutations | 1 2 4 |  4.0
Short Blades   | |  2.0
Stealth        | |  6.6

Action                     |  1- 3 |  4- 6 |  7- 9 || total
---------------------------+-------+-------+-------++-------
  Melee: Short sword       |    21 |   130 |       ||   151
         Constrict         |     5 |    30 |    58 ||    93
         Tentacles         |     4 |    37 |    49 ||    90
         Punch             |       |     2 |     4 ||     6
         Morningstar       |       |       |   244 ||   244
  Evoke: Wand              |       |       |     1 ||     1
    Use: Scroll            |       |     2 |    15 ||    17
         Potion            |       |       |     1 ||     1
   Stab: Sleeping          |     4 |    21 |    29 ||    54
         Distracted        |       |       |     1 ||     1
 Armour: Skin              |     2 |     7 |    24 ||    33
  Dodge: Dodged            |    12 |   100 |   212 ||   324
  Block: Buckler           |       |       |    53 ||    53

Table legend: (Time is in decaauts)
 A = Elapsed time spent in this place.
 B = Non-inter-level travel time spent in this place.
 C = Inter-level travel time spent in this place.
 D = Time resting spent in this place.
 E = Time spent auto-exploring this place.
 F = Levels seen in this place.
 G = Mean time per level.
                   A        B        C        D        E       F      G
               +--------+--------+--------+--------+--------+-----+--------+
         Total |   9631 |   9212 |    419 |   1258 |   6172 |   9 | 1070.1 |
       Dungeon |   9003 |   8584 |    419 |    991 |   6015 |   8 | 1125.4 |
         Sewer |    628 |    628 |      0 |    267 |    157 |   1 |  628.0 |
               +--------+--------+--------+--------+--------+-----+--------+

Top non-repeatable levels by time:
     D:7: 1739 daAuts
     D:6: 1668 daAuts
     D:5: 1108 daAuts
     D:1: 1092 daAuts
     D:3: 970 daAuts
     D:4: 817 daAuts
     D:2: 805 daAuts
     D:8: 800 daAuts
   Sewer: 628 daAuts
